AoeStats
← Iamak3186

Arabia

503580739Analyzed
1v1 RM · 1mo ago on Sep 1, 2026· 23m 15s· 2 players
Game mode
Random Map
Map size
Tiny (2 player)
Population
200
Speed
Normal
Resources
Standard
Victory
Conquest
Starting age
Dark Age
Ending age
Imperial Age
RankedLock teamsTeams togetherTeam positionsShared explorationLock speedFull tech treeHidden civsTurbo modeCheats
Victory
Defeat
🇸🇪 Maya · Sweden
1294
+17
🇮🇳 Mongols · India
1308
-17
secretkrokodil
0:25 Loom
13:56 Feudal Age
19:35 Castle Age
17:29 Horse Collar
17:43 Double-Bit Axe
19:02 Fletching
19:46 Crossbowman
20:32 Bodkin Arrow
Iamak3186
5:09 Loom
7:54 Feudal Age
8:49 Double-Bit Axe
19:32 Castle Age
19:27 Scale Barding Armor
19:34 Bloodlines
19:47 Horse Collar
20:00 Gold Mining
Connection lost

Rejoining the realm…

Still unreachable

The connection could not be restored.

Session expired

The server has moved on; the page needs a fresh start.